TOP OF THE 1ST |
Buffalo Bisons batting - Pitching for Charlotte Knights : RHP Tyler Jack
|
Pitching: RHP Tyler Jack
|
|
Batting: RHB Danny Burnside
|
0-0: Foul Ball, location: 2F 0-1: Foul Ball, location: 2F 0-2: Ground out 4-3 (Groundball, 4, EV 99.4 MPH)
|
Batting: LHB Josh Stuck
|
0-0: Ball 1-0: Ground out 2-3 (Groundball, 15S, EV 66.9 MPH)
|
Batting: LHB Michael Byrd
|
0-0: Called Strike 0-1: Ball 1-1: Ball 2-1: Swinging Strike 2-2: Ground out U3 (Groundball, 34D, EV 85.0 MPH)
|
Top of the 1st over - 0 runs, 0 hits, 0 errors, 0 left on base; Buffalo 0 - Charlotte 0 |
BOTTOM OF THE 1ST |
Charlotte Knights batting - Pitching for Buffalo Bisons : RHP Justin Sedivy
|
Pitching: RHP Justin Sedivy
|
|
Batting: LHB Hirakito Herring
|
0-0: Ball 1-0: Ball 2-0: Called Strike 2-1: Foul Ball, location: 2F 2-2: Foul Ball, location: 2F 2-2: Ball 3-2: Foul Ball, location: 2F 3-2: Base on Balls
|
Batting: RHB Jeff Brower
|
0-0: Called Strike 0-1: Grounds into double play, 6-4-3 (Groundball, 6, EV 99.4 MPH)
|
Batting: LHB Brian Dickeson
|
0-0: Ball 1-0: Called Strike 1-1: Called Strike 1-2: Ground out 5-3 (Groundball, 56, EV 100.6 MPH)
|
Bottom of the 1st over - 0 runs, 0 hits, 0 errors, 0 left on base; Buffalo 0 - Charlotte 0 |
TOP OF THE 2ND |
Buffalo Bisons batting - Pitching for Charlotte Knights : RHP Tyler Jack
|
Batting: RHB Ryan Kinkead
|
0-0: Called Strike 0-1: Foul Ball, location: 2F 0-2: Foul Ball, location: 2F 0-2: Ball 1-2: Ball 2-2: Fly out, F6 (Line Drive, 6, EV 74.4 MPH)
|
Batting: LHB Yoshinari Nara
|
0-0: Ball 1-0: Ball 2-0: Called Strike 2-1: Ball 3-1: Base on Balls
|
Batting: SHB Phuck
|
0-0: Foul Ball, location: 2F 0-1: Ball 1-1: Called Strike Yoshinari Nara steals 2nd base 1-2: Ball 2-2: SINGLE (Flyball, 89S, EV 90.0 MPH) Yoshinari Nara to third Runner from 3rd tries for Home, throw by RF and OUT! 9-2
|
Batting: RHB Tony Rosas
|
0-0: Ball Phuck steals 2nd base (no throw) 1-0: Ball 2-0: Ball 3-0: Ground out 3-1 (Groundball, 34, EV 110.6 MPH)
|
Top of the 2nd over - 0 runs, 1 hit, 0 errors, 1 left on base; Buffalo 0 - Charlotte 0 |
BOTTOM OF THE 2ND |
Charlotte Knights batting - Pitching for Buffalo Bisons : RHP Justin Sedivy
|
Batting: RHB Darwin Mills
|
0-0: Ball 1-0: Ball 2-0: Fly out, F8 (Flyball, 8LD, EV 82.5 MPH)
|
Batting: RHB Will Washburn
|
0-0: Foul Ball, location: 2F 0-1: Ball 1-1: Called Strike 1-2: Strikes out swinging
|
Batting: LHB Jake Goddard
|
0-0: Called Strike 0-1: Ground out 1-3 (Groundball, 13S, EV 71.3 MPH)
|
Bottom of the 2nd over - 0 runs, 0 hits, 0 errors, 0 left on base; Buffalo 0 - Charlotte 0 |
TOP OF THE 3RD |
Buffalo Bisons batting - Pitching for Charlotte Knights : RHP Tyler Jack
|
Batting: LHB Tso-lin Fen
|
0-0: Fly out, F8 (Flyball, 8RD, EV 105.6 MPH)
|
Batting: RHB John Loving
|
0-0: Ball 1-0: Called Strike 1-1: Ball 2-1: SINGLE (Groundball, 6MS, EV 66.9 MPH) (infield hit)
|
Batting: RHB Danny Burnside
|
0-0: Called Strike 0-1: Ball John Loving steals 2nd base 1-1: Foul Ball, location: 2F 1-2: Foul Ball, location: 2F 1-2: Ball 2-2: Ball 3-2: Ground out 5-3 (Groundball, 56, EV 101.3 MPH)
|
Batting: LHB Josh Stuck
|
0-0: Ball 1-0: Ball 2-0: Foul Ball, location: 2F 2-1: Ball 3-1: Foul Ball, location: 2F 3-2: Foul Ball, location: 2F 3-2: Foul Ball, location: 2F 3-2: Ground out U3 (Groundball, 3, EV 108.8 MPH)
|
Top of the 3rd over - 0 runs, 1 hit, 0 errors, 1 left on base; Buffalo 0 - Charlotte 0 |
BOTTOM OF THE 3RD |
Charlotte Knights batting - Pitching for Buffalo Bisons : RHP Justin Sedivy
|
Batting: RHB Erik Christensen
|
0-0: Ball 1-0: Ball 2-0: Ball 3-0: Base on Balls
|
Batting: RHB Harvey Harvey
|
0-0: Grounds into double play, 5-4-3 (Groundball, 56, EV 83.1 MPH)
|
Batting: RHB Jeff Cox
|
0-0: Ball 1-0: Ground out 4-3 (Groundball, 4M, EV 87.5 MPH)
|
Bottom of the 3rd over - 0 runs, 0 hits, 0 errors, 0 left on base; Buffalo 0 - Charlotte 0 |
TOP OF THE 4TH |
Buffalo Bisons batting - Pitching for Charlotte Knights : RHP Tyler Jack
|
Batting: LHB Michael Byrd
|
0-0: Foul Ball, location: 2F 0-1: Foul Ball, location: 2F 0-2: Ball 1-2: Foul Ball, location: 2F 1-2: Ball 2-2: SINGLE (Line Drive, 6MD, EV 108.8 MPH)
|
Batting: RHB Ryan Kinkead
|
0-0: Ball Michael Byrd steals 2nd base 1-0: Ball 2-0: Ball 3-0: Called Strike 3-1: 2-RUN HOME RUN (Flyball, 78XD, EV 98.8 MPH), Distance : 410 ft
|
Batting: LHB Yoshinari Nara
|
0-0: Ball 1-0: Ball 2-0: Ball 3-0: Fly out, F8 (Flyball, 8LD, EV 86.9 MPH)
|
Batting: SHB Phuck
|
0-0: Ball 1-0: Ball 2-0: Foul Ball, location: 2F 2-1: Swinging Strike 2-2: Ball 3-2: Foul Ball, location: 2F 3-2: Fly out, F8 (Line Drive, 8LD, EV 87.5 MPH)
|
Batting: RHB Tony Rosas
|
0-0: Called Strike 0-1: Foul Ball, location: 2F 0-2: Ball 1-2: Foul Ball, location: 2F 1-2: Foul Ball, location: 2F 1-2: Ground out 6-3 (Groundball, 6MD, EV 83.1 MPH)
|
Top of the 4th over - 2 runs, 2 hits, 0 errors, 0 left on base; Buffalo 2 - Charlotte 0 |
BOTTOM OF THE 4TH |
Charlotte Knights batting - Pitching for Buffalo Bisons : RHP Justin Sedivy
|
Batting: LHB Hirakito Herring
|
0-0: Ball 1-0: Called Strike 1-1: Ball 2-1: Called Strike 2-2: Fly out, F8 (Flyball, 8LD, EV 92.5 MPH)
|
Batting: RHB Jeff Brower
|
0-0: Ball 1-0: Foul Ball, location: 2F 1-1: Ball 2-1: Foul Ball, location: 2F 2-2: Ball 3-2: Foul Ball, location: 2F 3-2: Base on Balls
|
Batting: LHB Brian Dickeson
|
0-0: Fly out, F8 (Flyball, 8RD, EV 100.0 MPH)
|
Batting: RHB Darwin Mills
|
0-0: Ball 1-0: Ball 2-0: Called Strike 2-1: Foul Ball, location: 2F 2-2: Strikes out looking
|
Bottom of the 4th over - 0 runs, 0 hits, 0 errors, 1 left on base; Buffalo 2 - Charlotte 0 |
TOP OF THE 5TH |
Buffalo Bisons batting - Pitching for Charlotte Knights : RHP Tyler Jack
|
Batting: LHB Tso-lin Fen
|
0-0: Called Strike 0-1: Ball 1-1: Called Strike 1-2: Strikes out swinging
|
Batting: RHB John Loving
|
0-0: Foul Ball, location: 2F 0-1: Swinging Strike 0-2: Strikes out swinging
|
Batting: RHB Danny Burnside
|
0-0: Ball 1-0: Foul Ball, location: 2F 1-1: Called Strike 1-2: Ball 2-2: Foul Ball, location: 2F 2-2: Ball 3-2: Foul Ball, location: 2F 3-2: Reached on error, E6 (Groundball, 56, EV 104.4 MPH)
|
Batting: LHB Josh Stuck
|
0-0: Ball Danny Burnside steals 2nd base 1-0: Ball Wild Pitch! Danny Burnside to third 2-0: Foul Ball, location: 2F 2-1: SINGLE (Groundball, 25, EV 66.3 MPH) (infield hit) Danny Burnside scores
|
Batting: LHB Michael Byrd
|
0-0: Fly out, F8 (Flyball, 8RM, EV 97.5 MPH)
|
Top of the 5th over - 1 run, 1 hit, 1 error, 1 left on base; Buffalo 3 - Charlotte 0 |
BOTTOM OF THE 5TH |
Charlotte Knights batting - Pitching for Buffalo Bisons : RHP Justin Sedivy
|
Batting: RHB Will Washburn
|
0-0: Swinging Strike 0-1: Foul Ball, location: 2F 0-2: Foul Ball, location: 2F 0-2: Ball 1-2: Ball 2-2: Strikes out swinging
|
Batting: LHB Jake Goddard
|
0-0: Ball 1-0: Swinging Strike 1-1: Ball 2-1: DOUBLE (Flyball, 8LXD, EV 93.8 MPH)
|
Batting: RHB Erik Christensen
|
0-0: Fly out, F7 (Flyball, 78S, EV 88.1 MPH)
|
Batting: RHB Harvey Harvey
|
0-0: Ball 1-0: Foul Ball, location: 2F 1-1: Called Strike 1-2: Ball 2-2: Ball 3-2: Strikes out swinging
|
Bottom of the 5th over - 0 runs, 1 hit, 0 errors, 1 left on base; Buffalo 3 - Charlotte 0 |
TOP OF THE 6TH |
Buffalo Bisons batting - Pitching for Charlotte Knights : RHP Tyler Jack
|
Pitching: RHP Tommy Benedict
|
|
Batting: RHB Ryan Kinkead
|
0-0: Called Strike 0-1: Fly out, F4 (Popup, 34, EV 65.0 MPH)
|
Batting: LHB Yoshinari Nara
|
0-0: Ball 1-0: SINGLE (Groundball, 3D, EV 109.4 MPH)
|
Batting: SHB Phuck
|
0-0: Called Strike 0-1: Ball 1-1: Ball 2-1: Ball 3-1: Swinging Strike 3-2: Strikes out swinging Yoshinari Nara steals 2nd base Batter strikes out.
|
Batting: RHB Tony Rosas
|
0-0: Swinging Strike 0-1: Foul Ball, location: 2F 0-2: Ball 1-2: Foul Ball, location: 2F 1-2: Ball 2-2: Ball 3-2: DOUBLE (Flyball, 89XD, EV 111.3 MPH) Yoshinari Nara scores
|
Batting: LHB Tso-lin Fen
|
0-0: Ball 1-0: Ball 2-0: Foul Ball, location: 2F 2-1: Swinging Strike 2-2: Ball 3-2: Foul Ball, location: 2F 3-2: Foul Ball, location: 2F 3-2: Base on Balls
|
Batting: RHB John Loving
|
0-0: Swinging Strike 0-1: SINGLE (Groundball, 56S, EV 63.8 MPH) (infield hit) Tony Rosas to third Tso-lin Fen to second
|
Batting: RHB Danny Burnside
|
0-0: Ball 1-0: Ball 2-0: Ball 3-0: Base on Balls Tony Rosas scores Tso-lin Fen to third John Loving to second
|
Pitching: LHP Joel Campbell
|
|
Batting: LHB Josh Stuck
|
0-0: Ground out U3 (Groundball, 34, EV 105.6 MPH)
|
Top of the 6th over - 2 runs, 3 hits, 0 errors, 3 left on base; Buffalo 5 - Charlotte 0 |
BOTTOM OF THE 6TH |
Charlotte Knights batting - Pitching for Buffalo Bisons : RHP Justin Sedivy
|
Batting: RHB Jeff Cox
|
0-0: Swinging Strike 0-1: Ball 1-1: Ball 2-1: Ball 3-1: Fly out, F3 (Popup, 3L, EV 73.8 MPH)
|
Batting: LHB Hirakito Herring
|
0-0: SINGLE (Groundball, 34D, EV 101.3 MPH)
|
Batting: RHB Jeff Brower
|
0-0: Ball 1-0: Ball 2-0: Foul Ball, location: 2F 2-1: Foul Ball, location: 2F 2-2: Ball 3-2: Strikes out swinging Hirakito Herring steals 2nd base Batter strikes out.
|
Batting: LHB Brian Dickeson
|
0-0: DOUBLE (Line Drive, 8RXD, EV 105.0 MPH) Hirakito Herring scores
|
Batting: RHB Darwin Mills
|
0-0: Fly out, F7 (Flyball, 7S, EV 86.9 MPH)
|
Bottom of the 6th over - 1 run, 2 hits, 0 errors, 1 left on base; Buffalo 5 - Charlotte 1 |
TOP OF THE 7TH |
Buffalo Bisons batting - Pitching for Charlotte Knights : LHP Joel Campbell
|
Batting: LHB Michael Byrd
|
0-0: Ball 1-0: Ball 2-0: Called Strike 2-1: Foul Ball, location: 2F 2-2: Strikes out swinging
|
Batting: RHB Ryan Kinkead
|
0-0: Ball 1-0: Ball 2-0: Ball 3-0: Base on Balls
|
Batting: LHB Yoshinari Nara
|
0-0: Called Strike 0-1: Ball 1-1: DOUBLE (Flyball, 3D, EV 95.6 MPH) Ryan Kinkead to third
|
Batting: SHB Phuck
|
0-0: Foul Ball, location: 2F 0-1: Ball 1-1: Ball 2-1: DOUBLE (Flyball, 8RXD, EV 102.5 MPH) Ryan Kinkead scores Yoshinari Nara scores
|
Batting: RHB Tony Rosas
|
0-0: Ball 1-0: Ball Passed Ball! Phuck to third 2-0: Ball 3-0: Base on Balls
|
Batting: RHB Jon Aguilar
|
0-0: Called Strike 0-1: Ball 1-1: Foul Ball, location: 2F 1-2: Foul Ball, location: 2F 1-2: Strikes out looking
|
Batting: RHB John Loving
|
0-0: Called Strike 0-1: Ball 1-1: Ball 2-1: Foul Ball, location: 2F 2-2: Ball 3-2: Foul Ball, location: 2F 3-2: Ground out 6-3 (Groundball, 6, EV 90.0 MPH)
|
Top of the 7th over - 2 runs, 2 hits, 0 errors, 2 left on base; Buffalo 7 - Charlotte 1 |
BOTTOM OF THE 7TH |
Charlotte Knights batting - Pitching for Buffalo Bisons : RHP Justin Sedivy
|
Batting: RHB Will Washburn
|
0-0: Swinging Strike 0-1: Swinging Strike 0-2: Fly out, F9 (Flyball, 89D, EV 110.6 MPH)
|
Batting: LHB Jake Goddard
|
0-0: Swinging Strike 0-1: Ball 1-1: Reached on error, E4 (Groundball, 4S, EV 77.5 MPH)
|
Batting: RHB Erik Christensen
|
0-0: Swinging Strike 0-1: Ball 1-1: Ball 2-1: Ball 3-1: Foul Ball, location: 2F 3-2: Fly out, F8 (Line Drive, 8LM, EV 100.6 MPH)
|
Batting: RHB Harvey Harvey
|
0-0: Foul Ball, location: 2F 0-1: Ball 1-1: Foul Ball, location: 2F 1-2: SINGLE (Groundball, 25, EV 66.3 MPH) (infield hit) Jake Goddard to third
|
Batting: RHB Jeff Cox
|
0-0: Ball 1-0: Ball 2-0: Swinging Strike 2-1: Called Strike 2-2: Ball 3-2: Strikes out looking
|
Bottom of the 7th over - 0 runs, 1 hit, 1 error, 2 left on base; Buffalo 7 - Charlotte 1 |
TOP OF THE 8TH |
Buffalo Bisons batting - Pitching for Charlotte Knights : LHP Joel Campbell
|
Batting: RHB Danny Burnside
|
0-0: Called Strike 0-1: Ball 1-1: Called Strike 1-2: Foul Ball, location: 2F 1-2: Ball 2-2: Ball 3-2: Strikes out swinging
|
Batting: LHB Josh Stuck
|
0-0: Ball 1-0: Fly out, F5 (Popup, 5F, EV 78.8 MPH)
|
Batting: LHB Michael Byrd
|
0-0: Swinging Strike 0-1: Ball 1-1: Ball 2-1: Ground out 4-3 (Groundball, 4D, EV 94.4 MPH)
|
Top of the 8th over - 0 runs, 0 hits, 0 errors, 0 left on base; Buffalo 7 - Charlotte 1 |
BOTTOM OF THE 8TH |
Charlotte Knights batting - Pitching for Buffalo Bisons : RHP Justin Sedivy
|
Pitching: RHP Fernando Torres
|
|
Batting: LHB Hirakito Herring
|
0-0: Foul Ball, location: 2F 0-1: Swinging Strike 0-2: Ball 1-2: Ball 2-2: Foul Ball, location: 2F 2-2: Foul Ball, location: 2F 2-2: Strikes out swinging
|
Batting: RHB Jeff Brower
|
0-0: Foul Ball, location: 2F 0-1: Ball 1-1: Foul Ball, location: 2F 1-2: Ball 2-2: Ground out 5-3 (Groundball, 56S, EV 75.6 MPH)
|
Batting: LHB Brian Dickeson
|
0-0: Called Strike 0-1: Ball 1-1: Swinging Strike 1-2: Foul Ball, location: 2F 1-2: Strikes out looking
|
Bottom of the 8th over - 0 runs, 0 hits, 0 errors, 0 left on base; Buffalo 7 - Charlotte 1 |
TOP OF THE 9TH |
Buffalo Bisons batting - Pitching for Charlotte Knights : LHP Joel Campbell
|
Pitching: RHP Michael McMurry
|
|
Batting: RHB Ryan Kinkead
|
0-0: Ground out U3 (Groundball, 3, EV 84.4 MPH)
|
Batting: LHB Yoshinari Nara
|
0-0: Called Strike 0-1: SINGLE (Groundball, 34D, EV 103.1 MPH)
|
Batting: SHB Phuck
|
0-0: Ball Yoshinari Nara steals 2nd base 1-0: Ball 2-0: Called Strike 2-1: Foul Ball, location: 2F 2-2: Ground out U3 (Groundball, 3, EV 103.8 MPH) Yoshinari Nara to third
|
Batting: RHB Tony Rosas
|
0-0: Called Strike 0-1: Foul Ball, location: 2F 0-2: Strikes out swinging
|
Top of the 9th over - 0 runs, 1 hit, 0 errors, 1 left on base; Buffalo 7 - Charlotte 1 |
BOTTOM OF THE 9TH |
Charlotte Knights batting - Pitching for Buffalo Bisons : RHP Fernando Torres
|
Batting: RHB Darwin Mills
|
0-0: SINGLE (Line Drive, 9, EV 95.0 MPH)
|
Batting: RHB Will Washburn
|
0-0: Ball 1-0: DOUBLE (Groundball, 5L, EV 104.4 MPH) Darwin Mills to third
|
Batting: LHB Jake Goddard
|
0-0: Ball 1-0: Called Strike 1-1: Foul Ball, location: 2F 1-2: Strikes out swinging
|
Pinch Hitting: LHB Sonny Flood
|
0-0: Called Strike 0-1: Ball 1-1: Ball 2-1: Ball 3-1: Ground out 6-3 (Groundball, 6MD, EV 108.8 MPH) Darwin Mills scores Will Washburn to third
|
Pinch Hitting: RHB Nick Richardson
|
0-0: Fly out, F8 (Flyball, 8LD, EV 84.4 MPH)
|
Bottom of the 9th over - 1 run, 2 hits, 0 errors, 1 left on base; Buffalo 7 - Charlotte 2 |
|